 Dungeon Crawl Stone Soup version 0.30-a0-135-g630cfc4551 (webtiles) character file.

Game seed: 9013945463134103691

669 jimonade the Magician (level 7, -1/45 HPs)
             Began as a Djinni Fire Elementalist on Sept 20, 2022.
             Slain by a scorpion zombie (3 damage)
             ... on level 5 of the Dungeon.
             The game lasted 00:10:35 (5888 turns).

jimonade the Magician (Djinni Fire Elementalist)    Turns: 5888, Time: 00:10:36

Health: -1/45      AC:  4    Str:  7    XL:     7   Next: 89%
Gold:   255        EV: 12    Int: 19    God:
                   SH:  0    Dex: 13

rFire   + + .      SeeInvis .    a - +3 dagger (venom)
rCold   x . .      Faith    .    (no shield)
rNeg    . . .      Spirit   .    q - +0 robe
rPois   ∞          Reflect  .    w - +1 helmet
rElec   .          Harm     .    (no cloak)
rCorr   .          Rampage  .    (no gloves)
Will    .....                    (boots unavailable)
Stlth   ++........               (no amulet)
HPRegen 0.15/turn                (no ring)
MPRegen 0.00/turn                (no ring)

@: flying
A: sickness immunity, fire resistance 2, cold vulnerability 1, float, innate
caster, HP casting, extra vitality 1
a: no special abilities


You were on level 5 of the Dungeon.
You visited 2 branches of the dungeon, and saw 6 of its levels.

You collected 255 gold pieces.

Inventory:

Hand Weapons
 a - a +3 dagger of venom (weapon)
 b - a +0 dagger
 o - a +0 sling
 y - a +0 long sword
 z - a +0 short sword
 K - a +4 rapier
Missiles
 c - 5 boomerangs
 d - 11 poisoned darts
 n - 2 javelins
Armour
 p - a +0 buckler
 q - a +0 robe (worn)
 w - a +1 helmet (worn)
 x - a +0 ring mail
Magical Staves
 s - a staff of cold
Wands
 C - a wand of digging (3)
 F - a wand of flame (13)
 H - a wand of mindburst (4)
Scrolls
 k - a scroll of blinking
 u - 5 scrolls of identify
Potions
 h - 3 potions of resistance
 r - 2 potions of mutation {unknown}
 v - a potion of attraction {unknown}
 A - a potion of flight {unknown}
 B - a potion of haste {unknown}
 D - a potion of heal wounds {unknown}
 E - a potion of cancellation {unknown}
 L - 2 potions of lignification {unknown}


   Skills:
 - Level 2.1 Dodging
 - Level 1.5 Stealth
 + Level 6.6 Spellcasting


You couldn't memorise any spells.
You knew the following spells:

 Your Spells              Type           Power      Damage    Failure   Level
a - Foxfire               Conj/Fire      100%       2x1d9     1%          1
b - Scorch                Fire           62%        2d8       1%          2
c - Kindle Blastsparks    Fire/Tloc/Air  62%        2d15      1%          3
d - Inner Flame           Hex/Fire       31%        N/A       1%          3
e - Flame Wave            Conj/Fire      31%        2d9       7%          4
f - Apportation           Tloc           62%        N/A       1%          1
g - Blink                 Tloc           62%        N/A       1%          2
h - Spider Form           Tmut/Pois      31%        N/A       1%          3
Your spell library was empty.

Dungeon Overview and Level Annotations

Branches:
Dungeon (5/15)             Temple (1/1) D:4

Altars:
Cheibriados
Elyvilon
Gozag
Hepliaklqana
Okawaru
Qazlal
Ru
Trog
Uskayaw
Wu Jian
Xom
Yredelemnul
Zin
The Shining One


Innate Abilities, Weirdness & Mutations

You are immune to sickness and miasma.
You are immune to poison.
Your flesh is very heat resistant. (rF++)
You are vulnerable to cold. (rC-)
You float through the air rather than walking.
You learn spells naturally, not from books.
Your magical power is your life essence.
You have superior vitality. (+4 MHP)


Message History

The hornet zombie is moderately damaged.
The hornet zombie's fire resistance burns away.
The scorpion zombie hits you but does no damage.
Casting: Scorch (safe; 1% risk of failure)
Confirm with . or Enter, or press ? or * to list all spells.
Flames lash the bullfrog zombie.
The bullfrog zombie is moderately damaged.
The bullfrog zombie's fire resistance burns away.
The bullfrog zombie closely misses you. The bullfrog zombie barely misses you.
The hornet zombie hits you! The scorpion zombie hits you.
Casting: Scorch (safe; 1% risk of failure)
Confirm with . or Enter, or press ? or * to list all spells.
Flames lash the bullfrog zombie.
The bullfrog zombie is burned terribly!
The bullfrog zombie is almost destroyed.
The bullfrog zombie hits you. The hornet zombie misses you.
The scorpion zombie misses you.
Casting: Scorch (safe; 1% risk of failure)
Confirm with . or Enter, or press ? or * to list all spells.
Flames lash the scorpion zombie.
The scorpion zombie is burned terribly!
The scorpion zombie is severely damaged.
The bullfrog zombie closely misses you. The hornet zombie hits you!
* * * LOW HITPOINT WARNING * * *
The scorpion zombie barely misses you.
Casting: Scorch (safe; 1% risk of failure)
Confirm with . or Enter, or press ? or * to list all spells.
Flames lash the hornet zombie.
The hornet zombie is burned terribly!
The hornet zombie is heavily damaged.
* * * LOW HITPOINT WARNING * * *
The bullfrog zombie barely misses you. The hornet zombie closely misses you.
The bullfrog zombie hits you.
* * * LOW HITPOINT WARNING * * *
The hornet zombie hits you but does no damage.
The scorpion zombie misses you.
Casting: Scorch (safe; 1% risk of failure)
Confirm with . or Enter, or press ? or * to list all spells.
Flames lash the bullfrog zombie.
The bullfrog zombie is burned terribly!
You destroy the bullfrog zombie!
* * * LOW HITPOINT WARNING * * *
The hornet zombie misses you. The scorpion zombie hits you.
You die...

+.......
#......#
#......#
####......#
#.........#
#..!P.....##..
#....Z........
#.....@...#
#..PPZ#####
######


You could see a hornet zombie (combustible) and a scorpion zombie (combustible).

Vanquished Creatures
  Eustachio (D:4)
  An ogre (D:4)
  A bullfrog (D:4)
  A bullfrog zombie (D:5)
  An orc priest (D:4)
  Ijyb (D:3)
  Jessica (D:3)
  Natasha (thrice) (D:3)
  2 orc wizards (D:4)
  Robin (D:2)
  3 adders
  6 gnolls
  2 dart slugs (D:3)
  3 orcs
  3 ball pythons
  7 endoplasms
  2 giant cockroaches
  15 goblins
  9 hobgoblins
  3 jackals (D:1)
  5 kobolds
  3 quokkas (D:1)
  5 bats
  3 frilled lizards
  6 rats
88 creatures vanquished.

Vanquished Creatures (collateral kills)
  A foxfire (D:4)
1 creature vanquished.

Vanquished Creatures (others)
  104 foxfires
  A plant (D:4)
105 creatures vanquished.

Grand Total: 194 creatures vanquished

Notes
Turn   | Place    | Note
-------+----------+-------------------------------------------
     0 | D:1      | jimonade the Djinni Fire Elementalist began the quest for
                  | the Orb.
     0 | D:1      | jimonade set off with the following spells memorised:
                  | Foxfire, Scorch, Kindle Blastsparks, Inner Flame, Flame
                  | Wave.
     0 | D:1      | Reached XP level 1. HP: 15/15 MP: 0/0
   253 | D:1      | Reached XP level 2. HP: 20/21 MP: 0/0
   306 | D:1      | Reached skill level 3 in Spellcasting
   661 | D:1      | Reached XP level 3. HP: 17/25 MP: 0/0
   661 | D:1      | Learned a level 1 spell: Apportation
  1693 | D:2      | Noticed Robin
  1697 | D:2      | Killed Robin
  1698 | D:2      | Reached XP level 4. HP: 29/31 MP: 0/0
  1699 | D:2      | Found a glowing silver altar of Zin.
  2153 | D:2      | Found a faded altar of an unknown god.
  2377 | D:2      | Reached skill level 4 in Spellcasting
  2447 | D:2      | Found a glowing silver altar of Zin.
  2625 | D:2      | Found a faded altar of an unknown god.
  2804 | D:3      | Noticed Jessica
  2807 | D:3      | Killed Jessica
  2808 | D:3      | Reached XP level 5. HP: 14/35 MP: 0/0
  2808 | D:3      | Learned a level 2 spell: Blink
  3002 | D:3      | Noticed Natasha
  3006 | D:3      | Killed Natasha
  3411 | D:3      | Noticed Ijyb
  3611 | D:3      | Killed Ijyb
  3875 | D:3      | Noticed Natasha
  3878 | D:3      | Reached XP level 6. HP: 35/40 MP: 0/0
  3880 | D:3      | Killed Natasha
  3881 | D:3      | Reached skill level 5 in Spellcasting
  4231 | D:4      | Found a staircase to the Ecumenical Temple.
  4241 | Temple   | Entered the Ecumenical Temple
  4918 | D:4      | Noticed Eustachio
  5273 | D:4      | Killed Eustachio
  5274 | D:4      | Reached skill level 6 in Spellcasting
  5274 | D:4      | Reached XP level 7. HP: 38/45 MP: 0/0
  5274 | D:4      | Learned a level 3 spell: Spider Form
  5511 | D:3      | Noticed Natasha
  5514 | D:3      | Killed Natasha
  5880 | D:5      | Entered Level 5 of the Dungeon
  5888 | D:5      | Slain by a scorpion zombie

Illustrated notes

Levels and vault maps discovered:
D:1:      sevenhm_arrival_forest_fort_small_1, layout_loops_ring,
          minmay_split_cup_large
D:2:      layout_rooms, basic_altar, shapermc_ecumenical_altar_hornbeckon,
          kennysheep_generic_room_14, uniq_robin
D:3:      layout_loops_cross, uniq_jessica, uniq_ijyb, uniq_natasha
D:4:      layout_basic, minmay_temple_entry_grid, chequers_big_river,
          uniq_eustachio
D:5:      layout_gridville, serial_undead, serial_undead_e, serial_undead_d,
          serial_undead_e, serial_undead_e, hangedman_decor_diamond_cutter
Temple:   compressed_dpeg_triangle_lava_temple

Skill      XL: |  1  2  3  4  5  6 |
---------------+-------------------+-----
Spellcasting   | 3 4 6 |  6.6
Dodging        | |  2.1
Stealth        | |  1.5

Action                   |  1- 3 |  4- 6 |  7- 9 || total
-------------------------+-------+-------+-------++-------
Melee: Dagger            |     2 |       |       ||     2
 Cast: Foxfire           |    44 |    21 |     1 ||    66
       Scorch            |     6 |    41 |    16 ||    63
       Kindle Blastspark |       |     3 |     1 ||     4
       Inner Flame       |       |     9 |     4 ||    13
  Use: Scroll            |       |       |    14 ||    14
 Stab: Sleeping          |     1 |       |       ||     1
Armor: Robe              |     1 |     1 |     4 ||     6
Dodge: Dodged            |    15 |     8 |    15 ||    38

Table legend: (Time is in decaauts)
 A = Elapsed time spent in this place.
 B = Non-inter-level travel time spent in this place.
 C = Inter-level travel time spent in this place.
 D = Time resting spent in this place.
 E = Time spent auto-exploring this place.
 F = Levels seen in this place.
 G = Mean time per level.
                   A        B        C        D        E       F      G
               +--------+--------+--------+--------+--------+-----+--------+
         Total |   5891 |   5680 |    211 |    713 |   4133 |   6 |  981.8 |
       Dungeon |   5392 |   5184 |    208 |    713 |   3675 |   5 | 1078.4 |
        Temple |    499 |    496 |      3 |      0 |    458 |   1 |  499.0 |
               +--------+--------+--------+--------+--------+-----+--------+

Top non-repeatable levels by time:
     D:1: 1706 daAuts
     D:2: 1346 daAuts
     D:4: 1219 daAuts
     D:3: 1112 daAuts
  Temple: 499 daAuts
     D:5: 7 daAuts
